 Dungeon Crawl Stone Soup version 0.30.1-10-g1249ef9ec4 (webtiles) character file.

Game seed: 8927590313784294582

95 lonewolfV2 the Covered (level 4, -2/35 HPs)
             Began as a Demonspawn Fighter on Oct 26, 2023.
             Slain by a gnoll
             ... wielding a +0 spear
              (5 damage)
             ... on level 2 of the Dungeon.
             The game lasted 00:01:33 (1194 turns).

lonewolfV2 the Covered (Demonspawn Fighter)         Turns: 1194, Time: 00:01:33

Health: -2/35      AC:  6    Str: 18    XL:     4   Next: 40%
Magic:  4/4        EV: 10    Int:  9    God:
Gold:   83         SH:  5    Dex: 13    Spells: 3/3 levels left

rFire   . . .        a - +0 war axe
rCold   . . .        c - +1 buckler
rNeg    . . .        b - +0 scale mail
rPois   .            (no helmet)
rElec   .            (no cloak)
rCorr   .            (no gloves)
SInv    .            (no boots)
Will    .....        (no amulet) Stlth
                     (no ring)
HPRegen 0.25/turn    (no ring)
MPRegen 0.09/turn

%: no passive effects
@: no status effects
A: hooves 1
a: no special abilities


You were on level 2 of the Dungeon.
You visited 1 branch of the dungeon, and saw 2 of its levels.

You collected 83 gold pieces.

Inventory:

Hand Weapons
 a - a +0 war axe (weapon)
Armour
 b - a +0 scale mail (worn)
 c - a +1 buckler (worn)
Jewellery
 e - a ring of poison resistance
 f - a ring of protection from fire
 j - a +6 ring of dexterity
Scrolls
 h - a scroll of torment {unknown}
 k - a scroll of enchant weapon {unknown}
 l - a scroll of poison {unknown}
 n - a scroll of identify {unknown}
Potions
 d - a potion of might
 g - 2 potions of lignification {unknown}
 i - a potion of heal wounds {unknown}
 m - a potion of attraction {unknown}


   Skills:
 - Level 3.0 Fighting
 - Level 1.7 Axes
 + Level 3.4 Armour
 * Level 3.0 Dodging
 - Level 2.6 Shields


You had 3 spell levels left.
You didn't know any spells.
Your spell library contained the following spells:

 Spells                   Type           Power      Damage    Failure   Level
 Foxfire                  Conj/Fire      0%         2x1d4     85%         1
 Fireball                 Conj/Fire      0%         3d3       100%        5
 Plasma Beam              Fire/Air       0%         2x1d11    100%        6
 Starburst                Conj/Fire      0%         6d3       100%        6


Dungeon Overview and Level Annotations

Branches:
Dungeon (2/15)

Altars:


Innate Abilities, Weirdness & Mutations

You have large cloven feet.


Message History

You slash the gnoll! You kick the gnoll, but do no damage.
The gnoll is severely wounded.
The gnoll hits you with a +0 whip.
The gnoll hits you from afar with a +0 spear!
You hit the gnoll. You kick the gnoll, but do no damage.
The gnoll is almost dead.
The gnoll misses you. The gnoll barely misses you. x3
You slash the gnoll!
You kill the gnoll!
The gnoll hits you from afar with a +0 spear.
Your Dodging skill increases to level 3!
The gnoll hits you but does no damage.
Things that are here:
a +0 whip; a gnoll corpse You barely miss the gnoll.
You kick the gnoll, but do no damage. The gnoll hits you with a +0 spear!
You closely miss the gnoll. The gnoll hits you with a +0 spear.
The gnoll misses you.
You hit the gnoll.
The gnoll is moderately wounded.
The gnoll hits you with a +0 spear.
* * * LOW HITPOINT WARNING * * *
You closely miss the gnoll.
The gnoll is moderately wounded.
You block the gnoll's attack. The gnoll closely misses you.
You barely miss the gnoll.
The gnoll is moderately wounded.
The gnoll closely misses you.
You closely miss the gnoll. Your kick misses the gnoll.
The gnoll is moderately wounded.
The gnoll barely misses you. The gnoll hits you with a +0 spear.
* * * LOW HITPOINT WARNING * * *
You slash the gnoll! You kick the gnoll, but do no damage.
The gnoll is almost dead.
The gnoll hits you with a +0 spear.
* * * LOW HITPOINT WARNING * * *
You closely miss the gnoll. Your kick misses the gnoll.
The gnoll is almost dead.
The gnoll hits you with a +0 spear.
You die...

#.....#
..
#.##.##
###
#.####
#.# #.#
#.# #.#
#.# #@#
#g#####.#
#....gg..
##.......
.####.#
.# .# .#
.#


You could see a gnoll.

Vanquished Creatures
  A jelly (D:2)
  A gnoll (D:2)
  An adder (D:2)
  2 worms (D:2)
  3 dart slugs (D:1)
  4 ball pythons
  3 bats
  5 endoplasms
  A giant cockroach (D:2)
  A hobgoblin (D:1)
  2 jackals (D:1)
  A quokka (D:1)
  3 frilled lizards (D:1)
  4 goblins
  A kobold (D:1)
  3 rats (D:1)
36 creatures vanquished.

Notes
Turn   | Place    | Note
-------+----------+-------------------------------------------
     0 | D:1      | lonewolfV2 the Demonspawn Fighter began the quest for the
                  | Orb.
     0 | D:1      | Reached XP level 1. HP: 18/18 MP: 1/1
   119 | D:1      | Reached skill level 1 in Dodging
   119 | D:1      | Gained mutation: You have large cloven feet. [demonic
                  | ancestry]
   119 | D:1      | Reached XP level 2. HP: 24/24 MP: 2/2
   483 | D:1      | Reached XP level 3. HP: 29/29 MP: 3/3
   865 | D:2      | Found a faded altar of an unknown god.
  1091 | D:2      | Reached XP level 4. HP: 34/35 MP: 4/4
  1194 | D:2      | Slain by a gnoll

Illustrated notes

Levels and vault maps discovered:
D:1:      kennysheep_arrival_seaside, layout_basic
D:2:      layout_loops_ring, ebering_ecumenical_altar_abandoned

Skill      XL: |  1  2  3  4 |
---------------+-------------+-----
Dodging        | 1 2 3 |  3.0
Armour         | 3 |  3.4
Fighting       | |  3.0
Axes           | |  1.7
Shields        | |  2.6

Action                     |  1- 3 |  4- 6 || total
---------------------------+-------+-------++-------
  Melee: War axe           |    65 |    13 ||    78
         Kick              |    15 |     5 ||    20
    Use: Scroll            |     2 |       ||     2
 Armour: Scale mail        |    26 |     3 ||    29
  Dodge: Dodged            |    29 |    11 ||    40
  Block: Buckler           |     8 |     3 ||    11
